AoeStats
← IsraDguez

MegaRandom

509983843Analyzed
2v2 RM · 4d ago on Sep 28, 2026· 64m 53s· 4 players
Game mode
Random Map
Map size
Medium (4 player)
Population
200
Speed
Normal
Resources
Standard
Victory
Conquest
Starting age
Dark Age
Ending age
Imperial Age
RankedLock teamsTeams togetherTeam positionsShared explorationLock speedFull tech treeHidden civsTurbo modeCheats
Victory
Defeat
🇲🇽 Varangians · Mexico
1121
+14
🇲🇽 Maya · Mexico
1085
+15
🇵🇱 Danes · Poland
1078
-15
🇵🇪 Ethiopians · Peru
1062
-14
TRATATATA
7:46 Loom
11:05 Feudal Age
15:55 Castle Age
15:05 Man-at-Arms
16:33 Long Swordsman
26:16 Scale Mail Armor
34:38 Horse Collar
36:26 Ballistics
40:32 Heavy Plow
43:02 Redemption
45:14 Chain Mail Armor
45:10 Forging
46:39 Hamask
52:42 Gold Mining
56:52 Imperial Age
55:08 Iron Casting
59:06 Plate Mail Armor
58:37 Double-Bit Axe
59:31 Pikeman
62:44 Squires
63:24 Two-Handed Swordsman
63:49 Gambesons
Crissss
11:31 Feudal Age
11:56 Loom
13:20 Double-Bit Axe
17:33 Castle Age
18:03 Fletching
18:25 Crossbowman
25:21 Gold Mining
26:01 Bodkin Arrow
28:13 Ballistics
31:33 Thumb Ring
37:16 Bow Saw
39:33 Padded Archer Armor
42:19 Imperial Age
40:49 Gold Shaft Mining
40:04 Stone Mining
41:36 Leather Archer Armor
42:49 Arbalester
43:38 Bracer
45:00 Chemistry
45:17 Two-Man Saw
46:49 Conscription
48:24 Ring Archer Armor
47:52 Onager
51:28 Siege Onager
53:46 Torsion Engines
55:18 Siege Engineers
61:58 Murder Holes
63:35 Man-at-Arms
64:16 Squires
63:54 Halberdier
IsraDguez
0:47 Loom
10:29 Feudal Age
13:06 Scale Mail Armor
14:10 Forging
19:44 Castle Age
18:38 Double-Bit Axe
19:03 Fletching
21:02 Thumb Ring
21:27 Crossbowman
27:08 Wheelbarrow
31:01 Eagle Warrior
32:42 Hand Cart
32:52 Squires
34:18 Chain Mail Armor
35:16 Elite Skirmisher
38:33 Bodkin Arrow
43:09 Imperial Age
42:08 Iron Casting
42:39 Ballistics
44:42 Arbalester
45:11 Arson
46:22 Bracer
46:23 Padded Archer Armor
46:53 Plate Mail Armor
47:26 Blast Furnace
47:59 Conscription
50:18 Elite Eagle Warrior
53:43 Holcans
61:42 Man-at-Arms
63:13 Long Swordsman
King Dario II
4:26 Loom
9:46 Feudal Age
12:26 Bloodlines
13:39 Forging
19:01 Scale Barding Armor
26:09 Wheelbarrow
25:22 Double-Bit Axe
29:06 Castle Age
27:48 Arson
28:00 Man-at-Arms
29:49 Gold Mining
31:44 Scale Mail Armor
33:32 Town Watch
34:52 Fletching
38:10 Bow Saw
46:50 Imperial Age
44:39 Hand Cart
45:54 Horse Collar
46:37 Town Patrol
48:27 Bodkin Arrow
52:32 Light Cavalry
53:14 Husbandry
54:19 Chain Barding Armor
55:48 Plate Barding Armor
57:55 Iron Casting
57:52 Cavalier
59:03 Bracer
61:09 Hussar
64:39 Two-Man Saw
Connection lost

Rejoining the realm…

Still unreachable

The connection could not be restored.

Session expired

The server has moved on; the page needs a fresh start.